 Dungeon Crawl Stone Soup version 0.28.0-53-g5a82cb258f (webtiles) character file.

Game seed: 2466995944528373370

77 Martska the Grasshopper (level 4, -3/35 HPs)
             Began as a Human Warper on June 24, 2022.
             Slain by a sky beast (6 damage)
             ... on level 3 of the Dungeon.
             The game lasted 00:03:09 (2658 turns).

Martska the Grasshopper (Human Warper)              Turns: 2658, Time: 00:03:11

Health: -3/35      AC:  3    Str: 13    XL:     4   Next: 58%
Magic:  7/7        EV: 12    Int: 13    God:
Gold:   99         SH:  0    Dex: 13    Spells: 7/7 levels left

rFire   . . .      SeeInvis .   a - +0 spear
rCold   . . .      Faith    .   (no shield)
rNeg    . . .      Spirit   .   b - +0 leather armour
rPois   .          Reflect  .   (no helmet)
rElec   .          Harm     .   (no cloak)
rCorr   +          Rampage  .   (no gloves)
Will    .....                   (no boots)
Stlth   +.........              (no amulet)
HPRegen 0.11/turn               e - ring of resist corrosion
MPRegen 0.10/turn               (no ring)

@: no status effects
A: no striking features
a: no special abilities


You were on level 3 of the Dungeon.
You visited 1 branch of the dungeon, and saw 3 of its levels.

You collected 99 gold pieces.

Inventory:

Hand Weapons
 a - a +0 spear (weapon)
Missiles
 d - 5 boomerangs of dispersal (quivered)
Armour
 b - a +0 leather armour (worn)
Jewellery
 e - a ring of resist corrosion (left hand)
 m - an amulet of faith
Scrolls
 c - a scroll of blinking
 f - a scroll of noise {unknown}
 g - 4 scrolls of identify {unknown}
 j - a scroll of magic mapping {unknown}
 k - 2 scrolls of teleportation {unknown}
 l - a scroll of vulnerability {unknown}
 n - a scroll of torment {unknown}
Potions
 h - a potion of mutation {unknown}
 i - a potion of curing {unknown}


   Skills:
 * Level 3.0 Fighting
 * Level 2.9 Polearms
 - Level 1.0 Throwing
 - Level 1.0 Armour
 * Level 3.0 Dodging
 - Level 2.0 Spellcasting
 - Level 3.0 Translocations


You had 7 spell levels left.
You didn't know any spells.
Your spell library contained the following spells:

 Spells                   Type           Power      Damage    Failure   Level
 Blink                    Tloc           18%        N/A       14%         2
 Gell's Gravitas          Tloc           9%         N/A       28%         3
 Lesser Beckoning         Tloc           9%         N/A       28%         3
 Teleport Other           Tloc           9%         N/A       28%         3
 Manifold Assault         Tloc           9%         N/A       95%         5


Dungeon Overview and Level Annotations

Branches:
Dungeon (3/15)

Altars:


Message History

The worm closely misses you.
You hit the worm.
You kill the worm!
No target in view!
No target in view!
g - 4 scrolls labelled JEFUSH AFER (gained 1)
Found 5 javelins.
n - a scroll labelled NEGGAJUIVU You see here 5 javelins.
A sky beast comes into view.
The sky beast flickers out of sight!
Deactivating autopickup; reactivate with Ctrl-A.
There is a strange disturbance nearby!
There is a strange disturbance nearby!
There is a strange disturbance nearby!
No target in view!
No target in view!
No target in view!
You hit something. Something hits you. Something shocks you.
You miss something. Something hits you. Something shocks you.
You hit something.
A sky beast appears from thin air!
Reactivating autopickup.
The sky beast hits you but does no damage.
You hit the sky beast.
The sky beast is heavily wounded.
You hit the sky beast.
The sky beast is heavily wounded.
The sky beast hits you. The sky beast shocks you.
You hit the sky beast.
The sky beast is severely wounded.
The sky beast hits you. The sky beast shocks you.
* * * LOW HITPOINT WARNING * * *
You hit the sky beast.
The sky beast is severely wounded.
The sky beast flickers out of sight!
Deactivating autopickup; reactivate with Ctrl-A.
Something hits you.
* * * LOW HITPOINT WARNING * * *
Something shocks you.
You die...

##≈ ##. .. #≈≈
...# ...##≈≈
...#
....#≈≈≈##.#.#
...≈≈≈≈≈≈P....
#..≈≈≈≈≈≈≈.≈.#
..?P.≈≈≈≈≈≈≈..#
.≈..≈≈≈PP..{.##
≈P≈≈≈≈≈≈≈≈≈.@.#
≈≈≈≈≈≈≈≈≈P.....#
≈≈≈≈≈≈P≈≈≈..(.##
≈≈≈≈PP≈......##
≈≈≈≈≈..≈...(.#
≈≈P≈≈.≈......#
≈≈≈P.........#
.............#
.##.........#


There were no monsters in sight!

Vanquished Creatures
  2 adders (D:2)
  2 worms
  2 orcs (D:3)
  A bat (D:3)
  6 endoplasms
  3 giant cockroaches
  3 goblins
  8 hobgoblins
  6 kobolds
  2 quokkas
  7 ball pythons
  4 rats
46 creatures vanquished.

Notes
Turn   | Place    | Note
-------+----------+-------------------------------------------
     0 | D:1      | Martska the Human Warper began the quest for the Orb.
     0 | D:1      | Reached XP level 1. HP: 16/16 MP: 3/3
    95 | D:1      | Reached XP level 2. HP: 22/22 MP: 5/5
   603 | D:1      | Found a faded altar of an unknown god.
   752 | D:1      | Reached XP level 3. HP: 20/28 MP: 6/6
  1477 | D:2      | Reached XP level 4. HP: 6/34 MP: 7/7
  2647 | D:3      | Noticed a sky beast
  2658 | D:3      | Slain by a sky beast

Illustrated notes

Levels and vault maps discovered:
D:1:      psy_arrival_dodecagon, layout_loops_ring,
          hellmonk_ecumenical_altar_inner_sanctum, minivault_11
D:2:      layout_basic
D:3:      layout_basic, chequers_big_river, st_stairs_14

Skill      XL: |  1  2  3  4 |
---------------+-------------+-----
Fighting       | 3 |  3.0
Dodging        | 3 |  3.0
Polearms       | |  2.9
Throwing       | |  1.0
Armour         | |  1.0
Spellcasting   | |  2.0
Translocations | |  3.0

Action                   |  1- 3 |  4- 6 || total
-------------------------+-------+-------++-------
Melee: Spear             |   120 |    70 ||   190
       Punch             |     1 |       ||     1
 Stab: Distracted        |     1 |       ||     1
Armor: Leather armour    |    16 |    10 ||    26
Dodge: Dodged            |    58 |    37 ||    95
